 Dungeon Crawl Stone Soup version 0.31-a0-4-gefa6de2278 (webtiles) character file.

Game seed: 4456136604410036457

0 subawu the Firebug (level 1, 0/14 HPs)
             Began as a Draconian Fire Elementalist on May 4, 2023.
             Slain by a ball python (1 damage)
             ... on level 1 of the Dungeon.
             The game lasted 00:00:34 (82 turns).

subawu the Firebug (Draconian Fire Elementalist)      Turns: 82, Time: 00:00:34

Health: 0/14       AC:  4    Str: 10    XL:     1   Next: 8%
Magic:  2/3        EV:  9    Int: 15    God:
Gold:   0          SH:  0    Dex: 11    Spells: 3/4 levels left

rFire   . . .        (no weapon)
rCold   . . .        (no shield)
rNeg    . . .        (body armour unavailable)
rPois   .            (helmet restricted)
rElec   .            (no cloak)
rCorr   .            (no gloves)
SInv    .            (no boots)
Will    .....        (no amulet)
Stlth   ++           (no ring)
HPRegen 0.22/turn    (no ring)
MPRegen 0.08/turn

%: no passive effects
@: constricted
A: AC +4, unfitting armour, cold-blooded
a: no special abilities


You were on level 1 of the Dungeon.
You visited 1 branch of the dungeon, and saw 1 of its levels.

Inventory:

Armour
 b - a +3 leather armour
Potions
 a - a potion of magic


   Skills:
 + Level 1.8 Dodging
 + Level 1.7 Stealth
 + Level 2.0 Spellcasting
 + Level 1.0 Conjurations
 + Level 3.0 Fire Magic


You had 3 spell levels left.
You knew the following spells:

 Your Spells              Type           Power      Damage    Failure   Level
a - Foxfire               Conj/Fire      28%        2x1d5     10%         1

Your spell library contained the following spells:

 Spells                   Type           Power      Damage    Failure   Level
 Scorch                   Fire           20%        2d5       10%         2
 Inner Flame              Hex/Fire       6%         N/A       34%         3
 Volatile Blastmotes      Fire/Tloc      12%        2d11      34%         3
 Flame Wave               Conj/Fire      7%         2d5       67%         4


Dungeon Overview and Level Annotations

Branches:
Dungeon (1/15)

Altars:


Innate Abilities, Weirdness & Mutations

Your plain brown scales are hard. (AC +4)
You cannot fit into any form of body armour.
You are cold-blooded and may be slowed by cold attacks.


Message History

Your tail-slap misses the giant cockroach.
The bat hits you. The giant cockroach bites you. The ball python bites you.
The ball python constricts you. The giant cockroach closely misses you.
You hit the giant cockroach but do no damage.
The bat hits you but does no damage. The ball python barely misses you.
The ball python constricts you. The giant cockroach bites you.
You closely miss the giant cockroach. The ball python bites you.
The ball python constricts you. The giant cockroach closely misses you.
You hit the giant cockroach.
The giant cockroach is moderately wounded.
The bat closely misses you. The bat hits you but does no damage.
The ball python barely misses you. The ball python constricts you.
The giant cockroach barely misses you.
You hit the giant cockroach.
The giant cockroach is moderately wounded.
The ball python bites you but does no damage.
The ball python constricts you. The bat hits you.
The giant cockroach bites you but does no damage.
The ball python bites you.
* * * LOW HITPOINT WARNING * * *
The ball python constricts you.
You hit the giant cockroach but do no damage.
The giant cockroach is moderately wounded.
The bat misses you. The giant cockroach closely misses you.
The ball python bites you.
* * * LOW HITPOINT WARNING * * *
The ball python constricts you. The giant cockroach barely misses you.
You hit the giant cockroach but do no damage.
You punch the giant cockroach, but do no damage.
The giant cockroach is moderately wounded.
The bat hits you.
* * * LOW HITPOINT WARNING * * *
The ball python closely misses you. The ball python constricts you.
The giant cockroach bites you but does no damage.
The bat misses you.
Casting: Foxfire (safe; 10% risk of failure)
Confirm with . or Enter, or press ? or * to list all spells.
You conjure some foxfire!
The bat barely misses you. The bat hits you but does no damage.
The ball python bites you.
You die...

######+##
#...#...#####
#.<.#...'...###
#...#...###...#
#+###'###'## ###.#
...#...#...# #.#
...'...#.⌠.#
#.######.
...#...#...#
#vS......
#'#######'##
#@######.
...#...#...#...bBv.#
.⌠.'...'...#.###.#.#
...#...#...# #.#...
#+########## #.# ###
#.. #.. #..


You could see a giant cockroach (ally target), a bat and a ball python (ally
target).

Vanquished Creatures
  A ball python (D:1)
1 creature vanquished.

Notes
Turn   | Place    | Note
-------+----------+-------------------------------------------
     0 | D:1      | subawu the Draconian Fire Elementalist began the quest for
                  | the Orb.
     0 | D:1      | Reached XP level 1. HP: 14/14 MP: 3/3
    82 | D:1      | Slain by a ball python

Illustrated notes

Levels and vault maps discovered:
D:1:      co_arrival_random_square_maze, layout_basic

Action                     || total
---------------------------++-------
  Melee: Unarmed           ||    12
         Punch             ||     1
   Cast: Foxfire           ||     1
 Armour: Skin              ||    10
  Dodge: Dodged            ||    18

Table legend: (Time is in decaauts)
 A = Elapsed time spent in this place.
 B = Non-inter-level travel time spent in this place.
 C = Inter-level travel time spent in this place.
 D = Time resting spent in this place.
 E = Time spent auto-exploring this place.
 F = Levels seen in this place.
 G = Mean time per level.
                   A        B        C        D        E       F      G
               +--------+--------+--------+--------+--------+-----+--------+
         Total |     82 |     82 |      0 |      0 |      0 |   1 |   82.0 |
       Dungeon |     82 |     82 |      0 |      0 |      0 |   1 |   82.0 |
               +--------+--------+--------+--------+--------+-----+--------+

Top non-repeatable levels by time:
     D:1: 82 daAuts
